 Dungeon Crawl Stone Soup version 0.24-a0-397-g73b976d (webtiles) character file.

Game seed: 15868123627257287390

66 topirishpotato the Sneak (level 3, -6/29 HPs)
             Began as a Demonspawn Assassin on June 4, 2019.
             Was an Initiate of Ashenzari.
             Mangled by Sigmund
             ... wielding a +0 scythe
              (10 damage)
             ... on level 3 of the Dungeon.
             The game lasted 00:03:09 (1573 turns).

topirishpotato the Sneak (Demonspawn Assassin)      Turns: 1573, Time: 00:03:10

Health: -6/29      AC:  3    Str: 12    XL:     3   Next: 96%
Magic:  3/3        EV: 11    Int: 12    God:    Ashenzari [......]
Gold:   84         SH:  0    Dex: 14    Spells: 2/2 levels left

rFire    . . .     SeeInvis .   a - +2 dagger (curse)
rCold    . . .     Gourm    .   (no shield)
rNeg     . . .     Faith    .   b - +0 robe
rPois    +         Spirit   .   (no helmet)
rElec    .         Reflect  .   c - +0 cloak
rCorr    .         Harm     .   (no gloves)
MR       .....                  (no boots)
Stlth    ++........             (no amulet)
HPRegen  0.09/turn              g - ring of poison resistance
MPRegen  0.08/turn              (no ring)

@: no status effects
A: powered by death 1, powered by pain 1
a: Curse Item, Renounce Religion


You were on level 3 of the Dungeon.
You worshipped Ashenzari.
Ashenzari was noncommittal.
You were very hungry.

You visited 1 branch of the dungeon, and saw 3 of its levels.

You collected 84 gold pieces.

Inventory:

Hand Weapons
 a - a cursed +2 dagger (weapon)
Missiles
 d - 20 poisoned darts (quivered)
Armour
 b - a +0 robe (worn)
 c - a +0 cloak (worn)
Jewellery
 g - a ring of poison resistance (left hand)
Scrolls
 j - a scroll of teleportation
Potions
 h - 3 potions of curing {unknown}
 i - a potion of heal wounds {unknown}
 k - a potion of ambrosia {unknown}
Comestibles
 f - 7 rations


   Skills:
 + Level 3.0 Fighting
 + Level 3.2 Short Blades
 - Level 1.7 Throwing
 - Level 0.8 Dodging
 - Level 3.6 Stealth


You had 2 spell levels left.
You didn't know any spells.
Your spell library was empty.

Dungeon Overview and Level Annotations

Branches:
Dungeon (3/15)

Altars:
Ashenzari
Ru

Annotations:
D:3 Sigmund


Innate Abilities, Weirdness & Mutations

You regenerate a little health from kills.
You sometimes gain a little power by taking damage.


Message History

Sigmund is severely wounded.
Sigmund hits you with a +0 scythe!
You barely miss Sigmund.
Sigmund is severely wounded.
You hit Sigmund.
Sigmund is severely wounded.
Sigmund is no longer moving slowly.
You hit Sigmund.
Sigmund is almost dead.
Sigmund points at you and mumbles some strange words.
The magic dart hits you!
* * * LOW HITPOINT WARNING * * *
You hit Sigmund but do no damage.
Sigmund is almost dead.
Sigmund points at you and mumbles some strange words.
You resist with significant effort.
You hit Sigmund.
Sigmund is almost dead.
Sigmund hits you with a +0 scythe!
You die...

##...#..##..#...#
#...#...##...#..#
#.......(..#.#
#######......#
##.###### #..#
##.## #@.#
.#######@##
.......<.#
##########


You could see Sigmund.

Vanquished Creatures
  2 adders (D:2)
  2 worms (D:2)
  2 dart slugs
  A leopard gecko (D:2)
  4 giant cockroaches
  5 goblins
  6 hobgoblins
  2 jackals (D:2)
  6 bats
  3 frilled lizards
  4 rats
37 creatures vanquished.

Notes
Turn   | Place    | Note
-------+----------+-------------------------------------------
     0 | D:1      | topirishpotato the Demonspawn Assassin began the quest for
                  | the Orb.
     0 | D:1      | Reached XP level 1. HP: 16/16 MP: 1/1
    65 | D:1      | Found a shattered altar of Ashenzari.
   284 | D:1      | Gained mutation: You sometimes gain a little power by
                  | taking damage. [demonic ancestry]
   284 | D:1      | Reached XP level 2. HP: 23/23 MP: 2/2
   414 | D:1      | Became a worshipper of Ashenzari the Shackled
   808 | D:2      | Gained mutation: You regenerate a little health from kills.
                  | [demonic ancestry]
   808 | D:2      | Reached XP level 3. HP: 23/28 MP: 3/3
  1249 | D:2      | Found a sacrificial altar of Ru.
  1450 | D:3      | Noticed Sigmund
  1573 | D:3      | Mangled by Sigmund

Levels and vault maps discovered:
D:1:      dpeg_arrival_tiny_g, layout_loops_ring, nicolae_ashenzari_panopticon
D:2:      minmay_evil_eye, layout_loops_ring, nicolae_ru_path_of_blood,
          minmay_pentomino_t2
D:3:      layout_basic, fedhas_altar_1, gammafunk_temple_overflow_arena,
          vehumet_crystals, minmay_misc_feat_four_crosses, st_stairs_10,
          minivault_26, uniq_sigmund

Skill      XL: |  1  2  3 |
---------------+----------+-----
Short Blades   | 2 3 |  3.2
Fighting       | 3 |  3.0
Throwing       | |  1.7
Dodging        | |  0.8
Stealth        | |  3.6

Action                   || total
-------------------------++-------
Melee: Dagger            ||   129
Throw: Dart              ||     2
Invok: Curse Item        ||     1
  Use: Scroll            ||     4
 Stab: Sleeping          ||    13
  Eat: Chunk             ||     1
Armor: Robe              ||    25
Dodge: Dodged            ||    67

Table legend:
 A = Non-vault XP
 B = Vault XP
 C = Vault XP percentage of total XP
 D = Non-vault monster count
 E = Vault monster count
 F = Vault count percentage of total count
                 A         B        C        D         E       F
            +---------+---------+-------+---------+---------+-------
      Total |      74 |      21 |  22.1 |      31 |       6 |  16.2
            +---------+---------+-------+---------+---------+-------
        D:1 |      25 |       0 |   0.0 |      16 |       0 |   0.0
        D:2 |      45 |      21 |  31.8 |      14 |       6 |  30.0
        D:3 |       4 |       0 |   0.0 |       1 |       0 |   0.0
            +---------+---------+-------+---------+---------+-------
